 Dungeon Crawl Stone Soup version 0.22.0-16-gc6d26f6 (webtiles) character file.

250 Lew the Skirmisher (level 5, -2/47 HPs)
             Began as a Minotaur Abyssal Knight on Aug 17, 2018.
             Was a Believer of Lugonu.
             Slain by a killer bee (5 damage)
             ... on level 4 of the Dungeon.
             The game lasted 00:05:17 (2446 turns).

Lew the Skirmisher (Minotaur Abyssal Knight)        Turns: 2446, Time: 00:05:18

Health: -2/47      AC:  5    Str: 16    XL:     5   Next: 88%
Magic:  5/5        EV: 10    Int:  9    God:    Lugonu [**....]
Gold:   139        SH: 11    Dex: 11    Spells: 4/4 levels left

rFire    . . .     SeeInvis .   a - +1 hand axe
rCold    . . .     Gourm    .   g - +0 shield
rNeg     + . .     Faith    .   h - +0 leather armour {rPois}
rPois    +         Spirit   .   (helmet restricted)
rElec    .         Reflect  +   (no cloak)
rCorr    .         Harm     .   e - +1 pair of gloves
MR       .....                  (no boots)
Stlth    +.........             o - +3 amulet of reflection
HPRegen  0.15/turn              k - ring of positive energy
MPRegen  0.09/turn              (no ring)

@: no status effects
A: retaliatory headbutt, horns 2
a: Depart the Abyss, Bend Space, Renounce Religion


You were on level 4 of the Dungeon.
You worshipped Lugonu.
Lugonu was pleased with you.
You were not hungry.

You visited 1 branch of the dungeon, and saw 4 of its levels.
You visited the Abyss 1 time.

You collected 139 gold pieces.

Inventory:

Hand Weapons
 a - a +1 hand axe (weapon)
Armour
 d - a +0 scale mail
 e - a +1 pair of gloves (worn)
 g - a +0 shield (worn)
 h - a +0 leather armour of poison resistance (worn)
Jewellery
 k - a ring of positive energy (left hand)
 o - a +3 amulet of reflection (around neck)
Scrolls
 b - a scroll of enchant armour
 f - a scroll of teleportation
 p - 5 scrolls of remove curse
Potions
 i - 2 potions of curing
 j - a potion of might
 n - a potion of heal wounds
Comestibles
 c - 2 rations


   Skills:
 + Level 4.7 Fighting
 + Level 3.9 Axes
 + Level 3.9 Armour
 + Level 2.9 Dodging
 + Level 2.7 Shields
 + Level 2.1 Invocations


You had 4 spell levels left.
You didn't know any spells.
Your spell library was empty.

Dungeon Overview and Level Annotations

Branches:
Dungeon (4/15)
 Temple: D:4-7

Altars:
Qazlal


Innate Abilities, Weirdness & Mutations

You reflexively headbutt those who attack you in melee.
You have a pair of horns on your head.


Message History

You kill the killer bee!
Lugonu accepts your kill.
You feel your dexterity returning.
Your Invocations skill increases to level 2!
You miss the killer bee. You closely miss the killer bee.
You block the killer bee's attack. x2; The killer bee stings you.
* * * LOW HITPOINT WARNING * * *
The killer bee barely misses you. The killer bee stings you!
* * * LOW HITPOINT WARNING * * *
You slash the killer bee!
You kill the killer bee!
Lugonu accepts your kill.
You feel your intelligence returning.
You miss the killer bee. The killer bee closely misses you.
The killer bee misses you.
You miss the killer bee.
The killer bee is heavily wounded.
You block the killer bee's attack. The killer bee closely misses you.
The killer bee stings you.
You die...

########
#......#########+#
#######............[....
#.......................
#.#.............@.......
#.#.###..........y......
..#.# ###'#############.
....# #.#
#########.########
..<...............
##.######.########
#......#.# ######.#.#


You could see a killer bee.

Vanquished Creatures
  A centaur (D:3)
  2 killer bees (D:4)
  An adder (D:2)
  An ooze (D:1)
  2 worms
  2 dart slugs
  2 leopard geckos
  An orc (D:3)
  7 giant cockroaches
  5 goblins
  6 hobgoblins
  4 jackals (D:1)
  6 kobolds
  A quokka (D:3)
  5 bats
  3 frilled lizards
  11 rats
60 creatures vanquished.

Notes
Turn   | Place    | Note
-------+----------+-------------------------------------------
     0 | Abyss:1  | Lew the Minotaur Abyssal Knight began the quest for the Orb.
     0 | Abyss:1  | Reached XP level 1. HP: 19/19 MP: 1/1
    88 | Abyss:1  | Noticed a bone dragon
   103 | Abyss:1  | Noticed a thrashing horror
   104 | D:1      | Escaped the Abyss
   219 | D:1      | Reached XP level 2. HP: 26/27 MP: 2/2
   253 | D:1      | Reached * piety under Lugonu
   287 | D:1      | Reached skill level 1 in Shields
   433 | D:1      | Reached skill level 4 in Fighting
   675 | D:1      | Reached XP level 3. HP: 31/33 MP: 3/3
  1557 | D:3      | Reached XP level 4. HP: 40/40 MP: 4/4
  1559 | D:3      | Reached ** piety under Lugonu
  1760 | D:3      | Noticed a centaur
  1767 | D:3      | Killed a centaur
  1767 | D:3      | Reached XP level 5. HP: 39/47 MP: 5/5
  2155 | D:3      | Found a stormy altar of Qazlal.
  2446 | D:4      | Slain by a killer bee

Skill      XL: |  1  2  3  4  5 |
---------------+----------------+-----
Shields        | 1 2 |  2.7
Fighting       | 4 |  4.7
Armour         | 3 |  3.9
Axes           | 3 |  3.9
Dodging        | 2 |  2.9
Invocations    | 2 |  2.1

Action                   |  1- 3 |  4- 6 || total
-------------------------+-------+-------++-------
Melee: Hand axe          |    97 |    49 ||   146
       Headbutt          |    13 |     6 ||    19
Invok: Depart the Abyss  |     1 |       ||     1
  Use: Potion            |     5 |     2 ||     7
       Scroll            |     5 |     3 ||     8
  Eat: Ration            |     1 |     1 ||     2
Armor: Leather armour    |    14 |     8 ||    22
       Scale mail        |    14 |    10 ||    24
Dodge: Dodged            |    38 |    24 ||    62
Block: Shield            |    49 |    42 ||    91
       Reflection        |     3 |     3 ||     6
